Description

cummy

Build Order

Get SALT Encoding   

  14  0:18  Supply Depot  
  15  0:32  Refinery  
  16  0:48  Barracks  
  19  1:33  Orbital Command, Barracks Reactor  
  19  1:48  Command Center  
  19  1:59  Factory  NO SCVS!!!
  19  2:06  Supply Depot  resume SCV
  22  2:20  Refinery  
  27  2:45  Factory Tech Lab, Factory  
  30  3:00  Orbital Command  
  35  3:25  Action  lift barracks, replace w/ factory
  35  3:30  Action  Supply chain
  56  4:27  Command Center  
  58  4:30  Refinery x2  
  74  5:15  Starport, Barracks Tech Reactor, Factory  
  81  5:40  Engineering Bay, Armory  
  99  6:05  Action  starport > reactor
  100  6:06  Factory Tech Lab  
  100  6:25  Missile Turret  few on each base
  101  6:40  Action  take 3rd
  150  8:00  Action  More bases, expand
  200  10:00  Starport x2, Factory x2  max supply
Spawning Tool Build Advisor. Get it on Overwolf

Go to:

Details

  • Created by: captainfox1987
  • Published on: Mar 02, 2020
  • Modified on: Mar 02, 2020
  • Patch: 4.11.0
Show
View Real Time Build Order
Export as new Build Order

Comments (0)

There are no comments. Be the first!

Create an account to comment!